 Dungeon Crawl Stone Soup version 0.30.1-9-gdf580d7c3d (webtiles) character file.

Game seed: 3037546712734339291

118 Wiggles the Chopper (level 4, -7/41 HPs)
             Began as a Minotaur Berserker on Oct 13, 2023.
             Was a Believer of Trog.
             Killed from afar by Ijyb (17 damage)
             ... with a bolt of acid
             ... on level 3 of the Dungeon.
             The game lasted 00:03:02 (1615 turns).

Wiggles the Chopper (Minotaur Berserker)            Turns: 1615, Time: 00:03:03

Health: -7/41      AC:  6    Str: 23    XL:     4   Next: 72%
Magic:  3/3        EV:  9    Int:  4    God:    Trog [**....]
Gold:   45         SH:  0    Dex: 10    Spells: 3/3 levels left

rFire   . . .        a - +0 hand axe
rCold   . . .        (no shield)
rNeg    . . .        d - +0 chain mail
rPois   .            (helmet restricted)
rElec   .            f - +0 cloak
rCorr   .            (no gloves)
SInv    .            (no boots)
Will    .....        (no amulet) Stlth
                     (no ring)
HPRegen 0.26/turn    (no ring)
MPRegen 0.08/turn

%: no passive effects
@: corroded, on berserk cooldown, slowed, very slow
A: horns 2, retaliatory headbutt
a: Renounce Religion, Berserk, Trog's Hand


You were on level 3 of the Dungeon.
You worshipped Trog.
Trog was pleased with you.
You visited 1 branch of the dungeon, and saw 3 of its levels.

You collected 45 gold pieces.

Inventory:

Hand Weapons
 a - a +0 hand axe (weapon)
Missiles
 k - a throwing net (quivered)
Armour
 d - a +0 chain mail (worn)
 f - a +0 cloak (worn)
Wands
 l - a wand of polymorph (9)
Scrolls
 b - 4 scrolls of identify {unknown}
 e - 2 scrolls of teleportation {unknown}
 g - a scroll of magic mapping {unknown}
 h - a scroll of acquirement {unknown}
 i - a scroll of silence {unknown}
 n - a scroll of summoning {unknown}
Potions
 c - 3 potions of heal wounds {unknown}
 j - a potion of resistance {unknown}
 m - a potion of curing {unknown}
 o - a potion of flight {unknown}


   Skills:
 + Level 4.7 Fighting
 + Level 5.0 Axes
 + Level 3.4 Armour
 + Level 2.8 Dodging


You had 3 spell levels left.
You didn't know any spells.
Your spell library was empty.

Dungeon Overview and Level Annotations

Branches:
Dungeon (3/15)

Altars:

Shops:
D:1 [[(

Annotations:
D:3 Ijyb


Innate Abilities, Weirdness & Mutations

You have a pair of horns on your head.
You reflexively headbutt those who attack you in melee.


Message History

Ijyb zaps a wand.
The bolt of acid hits you! The acid corrodes you!
You are too injured to fight recklessly!
Ijyb zaps a wand.
The bolt of acid hits you!
* * * LOW HITPOINT WARNING * * *
A red film seems to cover your vision as you go berserk!
You feel yourself moving faster!
You feel mighty!
You feel a strong urge to attack something.
You hit the rat.
You kill the rat!
Trog accepts your kill.
You hit Ijyb but do no damage. Ijyb hits you but does no damage.
You see here a rat corpse.
You feel a strong urge to attack something.
Ijyb hits you with a +0 dagger.
* * * LOW HITPOINT WARNING * * *
Ijyb completely misses you.
You slash Ijyb!
Ijyb is heavily wounded.
You hit Ijyb but do no damage.
Ijyb is heavily wounded.
Ijyb hits you with a +0 dagger.
* * * LOW HITPOINT WARNING * * *
You slash Ijyb!
Ijyb is almost dead.
You are no longer berserk.
You are exhausted.
You feel yourself slow down.
You barely miss Ijyb. You headbutt Ijyb, but do no damage.
Ijyb is almost dead.
Ijyb closely misses you. Ijyb barely misses you.
You hit Ijyb.
Ijyb is almost dead.
Ijyb hits you but does no damage.
You hit Ijyb but do no damage. Your headbutt misses Ijyb.
Ijyb is almost dead.
Ijyb misses you. Ijyb barely misses you.
You closely miss Ijyb. You headbutt Ijyb, but do no damage.
Ijyb is almost dead.
Ijyb zaps a wand.
The bolt of acid hits you!
You die...

...... ..##⌠#
.....##...###
............
........... #.
.......... ..
#......... ..
#......... .. #.
#.@......#
...#.###.g......#
...#....†........
#..............
#..............
#####
#..............
#)..#
#.....#######..
#...# #......# ..
#.).# #......#


You could see Ijyb.

Vanquished Creatures
  Crazy Yiuf (D:3)
  Robin (D:2)
  4 gnolls (D:2)
  An adder (D:2)
  A dart slug (D:1)
  An endoplasm (D:1)
  4 giant cockroaches
  5 goblins
  5 hobgoblins
  A ball python (D:2)
  2 bats
  2 kobolds
  3 rats
31 creatures vanquished.

Notes
Turn   | Place    | Note
-------+----------+-------------------------------------------
     0 | D:1      | Wiggles the Minotaur Berserker began the quest for the Orb.
     0 | D:1      | Reached XP level 1. HP: 19/19 MP: 0/0
   181 | D:1      | Found Ankantuo's Antique Armour Shop.
   297 | D:1      | Reached XP level 2. HP: 27/27 MP: 1/1
   357 | D:1      | Found Deepsuk's Antique Weapon Shop.
   523 | D:1      | Found Jyz Gig's Armour Emporium.
  1037 | D:2      | Reached skill level 4 in Axes
  1124 | D:2      | Reached XP level 3. HP: 33/33 MP: 2/2
  1261 | D:2      | Reached XP level 4. HP: 39/41 MP: 3/3
  1268 | D:2      | Noticed Robin
  1280 | D:2      | Killed Robin
  1514 | D:3      | Found a runed translucent door.
  1515 | D:3      | Noticed Crazy Yiuf
  1526 | D:3      | Killed Crazy Yiuf
  1527 | D:3      | Reached skill level 5 in Axes
  1570 | D:3      | Reached ** piety under Trog
  1598 | D:3      | Noticed Ijyb
  1615 | D:3      | Killed from afar by Ijyb

Illustrated notes

Levels and vault maps discovered:
D:1:      dpeg_arrival_pits, layout_basic, serial_shops, shop, shop,
          nicolae_shop_trees
D:2:      layout_rooms, uniq_robin
D:3:      layout_basic, nzn_wu_jian_contemplation,
          hellmonk_ghost_happy_afterlife, chequers_ecumenical_altar_simple,
          uniq_ijyb, uniq_crazy_yiuf_cottage

Skill      XL: |  1  2  3  4 |
---------------+-------------+-----
Fighting       | 4 |  4.7
Axes           | 4 5 |  5.0
Armour         | 3 |  3.4
Dodging        | |  2.8

Action                     |  1- 3 |  4- 6 || total
---------------------------+-------+-------++-------
  Melee: Hand axe          |    43 |    32 ||    75
         Headbutt          |     8 |     7 ||    15
         Punch             |       |     1 ||     1
 Invoke: Berserk           |     1 |     3 ||     4
 Armour: Chain mail        |    29 |    12 ||    41
  Dodge: Dodged            |    20 |    16 ||    36
